Map: Apotheosis LE

Players

Sokol - Winner!

  • Race: Protoss Protoss

Gracz

  • Race: Protoss Protoss
  • League: Silver

VOD

Have the link to the VOD?

Description

Time

  • Played on: Oct. 14, 2016, 2:35 p.m.
  • Length: 10:35
Show
View Real Time Build Order
Export as new Build Order

Sokol Protoss - Winner!

Build Orders:  

Get SALT Encoding   

  12  0:02  Probe (Chrono Boost)  
  13  0:13  Probe (Chrono Boost)  
  14  0:23  Probe (Chrono Boost)  
  15  0:37  Pylon  
  15  0:55  Probe (Chrono Boost)  
  16  0:59  Forge  
  16  1:03  Gateway  
  16  1:05  Probe (Chrono Boost)  
  16  1:11  Assimilator  
  17  1:15  Assimilator  
  17  1:18  Probe (Chrono Boost)  
  18  1:33  Probe (Chrono Boost)  
  19  1:41  Photon Cannon  
  19  1:43  Probe (Chrono Boost)  
  20  1:47  Photon Cannon  
  21  1:54  Probe (Chrono Boost)  
  21  1:55  Pylon  
  21  2:04  Probe (Chrono Boost)  
  22  2:15  Probe (Chrono Boost)  
  23  2:23  Photon Cannon  
  23  2:32  Cybernetics Core  
  23  2:47  Nexus  
  23  2:57  Pylon  
  23  3:01  Pylon  
  23  3:03  Probe (Chrono Boost)  
  24  3:14  Probe (Chrono Boost)  
  24  3:18  Stargate  
  25  3:27  Stargate  
  25  3:50  Pylon  
  25  3:58  Pylon  
  25  4:13  Void Ray x2  
  33  4:20  Probe (Chrono Boost)  
  34  4:30  Probe (Chrono Boost)  
  35  4:31  Protoss Air Weapons Level 1  
  35  4:39  Assimilator  
  35  4:41  Probe (Chrono Boost)  
  36  4:45  Assimilator  
  36  4:51  Probe (Chrono Boost)  
  37  4:59  Void Ray  
  41  5:02  Probe (Chrono Boost)  
  42  5:07  Void Ray  
  46  5:16  Probe (Chrono Boost)  
  48  5:21  Probe (Chrono Boost)  
  48  5:26  Probe (Chrono Boost)  
  49  5:32  Probe (Chrono Boost)  
  50  5:37  Probe (Chrono Boost)  
  50  5:42  Probe (Chrono Boost)  
  52  6:26  Void Ray x2  
  52  6:32  Probe (Chrono Boost)  
  61  6:42  Probe (Chrono Boost)  
  62  6:53  Probe (Chrono Boost)  
  63  7:09  Void Ray x2  
  63  7:43  Protoss Air Armor Level 1  
  63  7:45  Protoss Shields Level 1  
  63  7:52  Void Ray x2  
  63  7:53  Pylon  
  71  8:02  Stargate  
  71  8:35  Void Ray x2  
  75  8:59  Void Ray  
  75  9:17  Void Ray  
  75  9:18  Void Ray  
  83  9:28  Pylon  
  83  9:30  Pylon  
  83  9:46  Void Ray  
  83  9:50  Pylon  
Show
View Real Time Build Order
Export as new Build Order

Gracz Protoss 

Build Orders: 1 Gate Expand 

Get SALT Encoding   

  12  0:01  Probe (Chrono Boost)  
  13  0:15  Pylon  
  13  0:19  Probe (Chrono Boost)  
  14  0:30  Probe (Chrono Boost)  
  15  0:36  Assimilator  
  15  0:40  Probe (Chrono Boost)  
  16  0:48  Gateway  
  16  0:51  Probe (Chrono Boost)  
  17  1:18  Nexus  
  17  1:22  Probe (Chrono Boost)  
  18  1:33  Probe (Chrono Boost)  
  19  1:41  Cybernetics Core  
  19  1:45  Probe (Chrono Boost)  
  20  1:55  Probe (Chrono Boost)  
  20  1:56  Pylon  
  21  2:09  Probe (Chrono Boost)  
  21  2:12  Assimilator  
  22  2:19  Probe (Chrono Boost)  
  23  2:24  Gateway x2  
  23  2:33  Probe (Chrono Boost)  
  23  2:34  Probe (Chrono Boost)  
  26  2:44  Probe (Chrono Boost)  
  26  2:47  Gateway  
  26  2:48  Warp Gate  
  26  2:49  Probe (Chrono Boost)  
  27  2:55  Probe (Chrono Boost)  
  27  2:57  Pylon  
  28  3:00  Probe (Chrono Boost)  
  29  3:22  Robotics Facility  
  29  3:25  Probe (Chrono Boost)  
  30  3:27  Robotics Facility  
  30  3:36  Pylon  
  30  3:45  Gateway  
  30  3:47  Probe (Chrono Boost)  
  32  3:48  Probe (Chrono Boost)  
  32  4:05  Nexus  
  32  4:09  Pylon, Immortal  
  36  4:28  Twilight Council  
  36  4:29  Gateway  
  36  4:36  Probe x2 (Chrono Boost)  
  38  4:45  Gateway  
  38  4:48  Gateway, Probe (Chrono Boost)  
  39  5:04  Blink  
  39  5:08  Immortal  
  39  5:10  Immortal  
  47  5:27  Forge  
  47  5:31  Templar Archives  
  47  5:39  Robotics Bay  
  47  5:44  Stalker  
  49  5:56  Assimilator  
  49  5:58  Assimilator  
  47  6:04  Stalker x2  
  47  6:14  Stalker  
  39  6:28  Stalker  
  39  6:29  Stalker  
  39  6:45  Stalker  
  37  6:50  Stalker  
  39  6:56  Stalker  
  39  7:00  Stalker  
  39  7:09  Stalker  
  41  7:26  Stalker  
  39  7:40  Probe (Chrono Boost)  
  39  7:42  Probe x2 (Chrono Boost)  
  43  7:51  Probe (Chrono Boost)  
  43  7:54  Probe x2 (Chrono Boost)  
  45  8:02  Probe (Chrono Boost)  
  45  8:05  Stalker x2  
  52  8:06  Probe x2 (Chrono Boost)  
  52  8:12  Probe (Chrono Boost)  
  53  8:17  Pylon  
  53  8:18  Probe x2 (Chrono Boost)  
  53  8:23  Stalker x2, Probe (Chrono Boost)  
  57  8:30  Probe x2 (Chrono Boost)  
  57  8:31  Stalker  
  55  8:50  Probe (Chrono Boost)  
  55  8:51  Stalker  
  55  8:52  Stalker  
  48  9:06  Stalker  
  48  9:07  Stalker  
  46  9:21  Stalker  
  41  9:50  Nexus  
  41  9:52  Pylon  
Tags
 
Add a new tag
Caveats
  • Supply blocks, unpowered buildings, or Contaminate may cause inaccurate times.
  • Supply counts are checked every 10 seconds.